 Dungeon Crawl Stone Soup version 0.30.0-15-g856e2d3f33 (webtiles) character file.

Game seed: 5607754182172086550

53988 qw the Severer (level 14, -3/90 HPs)
             Began as a Gargoyle Fighter on May 19, 2023.
             Was an Elder of Okawaru.
             Engulfed by a revenant's spectral mist (11 damage)
             ... on level 2 of the Abyss.
             The game lasted 00:10:22 (16023 turns).

qw the Severer (Gargoyle Fighter)                  Turns: 16023, Time: 00:10:23

Health: -3/90      AC: 36    Str: 24    XL:     14   Next: 70%
Magic:  21/21      EV: 14    Int: 10    God:    Okawaru [****..]
Gold:   1160       SH: 18    Dex:  9    Spells: 13/13 levels left

rFire   . . .        Y - +2 broad axe (freeze)
rCold   x . .        p - +0 kite shield
rNeg    + . .        x - +0 plate armour
rPois   inf          y - +2 helmet
rElec   +            k - scarf {repulsion}
rCorr   .            q - +2 pair of gloves
SInv    +            a - +0 pair of boots
Will    +....        n - amulet of reflection Stlth
                     m - ring of see invisible
HPRegen 0.35/turn    v - +5 ring of evasion
MPRegen 0.17/turn

%: repel missiles, reflection
@: about to teleport, heroic, flying, slowed, very slow
A: sickness immunity, AC +10, big wings, negative energy resistance 1,
electricity resistance, torment resistance 1, petrification resistance, no
potion heal 1, cold vulnerability 1
a: Renounce Religion, Heroism, Finesse


You were on level 2 of the Abyss.
You worshipped Okawaru.
Okawaru was greatly pleased with you.
You visited 2 branches of the dungeon, and saw 16 of its levels.
You visited the Abyss 2 times.
You also visited: Ossuary.

You collected 1260 gold pieces.
You spent 100 gold pieces at shops.


Innate Abilities, Weirdness & Mutations

You are immune to sickness and miasma.
Your stone body is resilient. (AC +10)
You are immune to poison.
Your large and strong wings let you fly.
You resist negative energy. (rN+)
You are resistant to electric shocks. (rElec)
You are resistant to unholy torment.
You are immune to petrification.
Potions are less effective at restoring your health.
You are vulnerable to cold. (rC-)


   Skills:
 - Level 11.0(16.0) Fighting
 - Level 15.0(20.0) Axes
 - Level 3.7(8.7) Throwing
 + Level 10.7(15.7) Armour
 - Level 2.1(7.1) Dodging
 - Level 12.0(17.0) Shields
 - Level 10.0 Invocations


You had 13 spell levels left.
You didn't know any spells.
Your spell library was empty.

Inventory:

Hand Weapons
 r - the +11 whip "Qell" {pain, Fly rN++ rCorr Int-4}
   (You found it on level 3 of the Dungeon)

   Int:       It affects your intelligence (-4).
   rN:        It greatly protects you from negative energy.
   Fly:       It grants you flight.
   rCorr:     It protects you from acid and corrosion.
 s - a -1 eveningstar
 Y - a +2 broad axe of freezing (weapon)
Armour
 a - a +0 pair of boots (worn)
 k - a scarf of repulsion (worn)
 p - a +0 kite shield (worn)
 q - a +2 pair of gloves (worn)
 x - a +0 plate armour (worn)
 y - a +2 helmet (worn)
 A - the +2 ring mail "Lul Faj" {rF++ Regen+ Stlth+}
   (You found it on level 5 of the Lair of Beasts)

   rF:        It greatly protects you from fire.
   Regen:     It increases your rate of health regeneration.
   Stlth:     It makes you more stealthy.
Jewellery
 e - a +4 ring of protection
 j - a ring of positive energy
 m - a ring of see invisible (left hand)
 n - an amulet of reflection (around neck)
 v - a +5 ring of evasion (right hand)
Wands
 c - a wand of digging (4)
Scrolls
 g - a scroll of teleportation
 i - 9 scrolls of identify
Potions
 b - a potion of attraction
 d - 3 potions of might
 f - 7 potions of mutation
 h - 9 potions of curing
 l - a potion of resistance
 o - 5 potions of magic
 t - 2 potions of cancellation
 u - 3 potions of haste
 w - 2 potions of lignification

Dungeon Overview and Level Annotations

Branches:
Dungeon (11/15)            Temple (0/1) D:4            Lair (5/5) D:10
 Shoals (0/4) Lair:3       Spider (0/4) Lair:3        Slime (0/5) Lair:4
    Orc (0/2) D:10        Ossuary (visited)

Altars:
Ashenzari
Dithmenos
Elyvilon
Fedhas
Gozag
Hepliaklqana
Kikubaaqudgha
Nemelex Xobeh
Okawaru
Qazlal
Ru
Sif Muna
Uskayaw
Vehumet
Yredelemnul
The Shining One
Jiyva

Shops:
D:8 *   D:10 (

Annotations:
D:2 1 runed translucent door, Crazy Yiuf
D:7 4 transporters, Menkaure; qw's ghost, novice GrCA


Message History

The purple draconian shifter is heavily wounded.
You block the purple draconian shifter's attack.
You miss the purple draconian shifter.
The purple draconian shifter is heavily wounded.
The purple draconian shifter is no longer moving slowly.
The purple draconian shifter hits you with a +0 long sword.
You hit the purple draconian shifter but do no damage.
The purple draconian shifter is heavily wounded.
The purple draconian shifter breathes dispelling energy at you.
The bolt of dispelling energy misses you.
You slice the purple draconian shifter!!
You freeze the purple draconian shifter.
The purple draconian shifter is severely wounded.
The purple draconian shifter casts a spell.
The purple draconian shifter blinks!
The revenant barely misses you. The revenant hits you!
You hit the revenant but do no damage.
The revenant hits you but does no damage.
You barely miss the revenant. The revenant hits you!
You barely miss the revenant.
A death drake comes into view.
The purple draconian shifter mumbles some strange words.
The purple draconian shifter blinks!
The revenant conjures spectral mists around you.
The spectral mist engulfs you but does no damage.
The death drake moves out of view.
You closely miss the revenant.
You are engulfed in spectral mist.
The revenant hits you but does no damage.
The purple draconian shifter breathes dispelling energy at you.
The bolt of dispelling energy hits you!
Your magical effects are unravelling.
The revenant hits you but does no damage.
16023 ||| READING 2 scrolls of teleportation.
As you read the scroll of teleportation, it crumbles to dust.
You feel strangely unstable.
You feel the power of the Abyss delaying your translocation!
You are engulfed in spectral mist.
You die...

# ...#... ..# ...
#... ....#........
......#....#.......
.. ..##....#......
. . #
..#......#....#. ..
..##..........## ..
.......#......#
.#.....¤00z.~#.# .
.#......0@¤.~## .
...####0##¤.....
......00.........
....q¤..........
..#........ .....
.........##......
........\. ......
######## # ###


You could see a purple draconian shifter (catching breath) and a revenant.

Vanquished Creatures
  A cacodemon (Abyss:2)
  Nessos (Lair:5)
  10 hydras
  A catoblepas (Lair:4)
  2 two-headed ogres (D:10)
  7 death yaks (Lair:5)
  Sonja (Lair:2)
  A skyshark (Lair:5)
  2 wretched stars (Abyss:2)
  A large abomination (Abyss:2)
  A sixfirhy (Abyss:2)
  3 wizards (D:11)
  A mana viper (Abyss:2)
  4 elephants (Lair:3)
  A naga mage (Abyss:2)
  A guardian serpent (Abyss:2)
  3 black mambas
  An apocalypse crab (D:11)
  2 smoke demons (Abyss:2)
  17 cane toads
  2 gargoyles (D:11)
  An unseen horror (Abyss:2)
  8 komodo dragons
  A rime drake (shapeshifter) (Abyss:2)
  A tormentor (Abyss:2)
  An ancient zyme (Abyss:2)
  A troll (D:11)
  3 tyrant leeches (Lair:5)
  A polar bear (Lair:1)
  27 blink frogs
  3 raiju (Abyss:2)
  3 flying skulls (Abyss:2)
  Sigmund (D:2)
  A culicivora (Lair:3)
  A ynoxinul (Abyss:2)
  A shadow (D:11)
  A vampire (D:10)
  4 fire bats (Abyss:2)
  4 wyverns
  A wraith (Abyss:2)
  19 yaks
  9 vampire mosquitoes
  2 steam dragons
  3 basilisks
  A chaos spawn (Abyss:2)
  3 acid dragons
  4 nagas (Abyss:2)
  15 water moccasins
  3 orc warriors
  An ice beast (D:6)
  3 black bears
  2 sky beasts
  5 centaurs
  11 wolves
  2 phantoms
  A kobold brigand (D:9)
  5 scorpions
  25 bullfrogs
  A gnoll sergeant (D:5)
  4 wights (D:9)
  7 killer bees (D:8)
  3 electric eels
  6 jellies
  7 howler monkeys
  A crimson imp (D:4)
  2 quasits (Abyss:2)
  4 centaur zombies (Ossuary)
  2 gnoll boudas
  2 orc priests
  3 hounds
  An iron imp (Abyss:2)
  9 starcursed masses (Abyss:2)
  A sleepcap (D:7)
  7 small abominations (Abyss:2)
  Jessica (D:3)
  Natasha (D:3)
  5 iguanas
  7 orc wizards
  4 mummies (Ossuary)
  12 gnolls
  A river rat (D:5)
  10 adders
  2 white imps
  An ufetubus (D:5)
  4 worms
  4 dart slugs
  45 orcs
  A bat (D:1)
  12 endoplasms
  3 giant cockroaches
  10 hobgoblins
  9 jackals
  5 quokkas
  7 ball pythons
  17 goblins
  4 hobgoblin zombies (Ossuary)
  13 kobolds
  4 rats
483 creatures vanquished.

Vanquished Creatures (others)
  A wizard (D:11)
1 creature vanquished.

Grand Total: 484 creatures vanquished

Notes
Turn   | Place    | Note
-------+----------+-------------------------------------------
     0 | D:1      | qw the Gargoyle Fighter began the quest for the Orb.
     0 | D:1      | Reached XP level 1. HP: 14/14 MP: 1/1
     0 | D:1      | 0 ||| qw: Version: 0.2-a-96-g8eb1148
     0 | D:1      | 0 ||| qw: Game counter: 13
     0 | D:1      | 0 ||| qw: Always use a shield: true
     0 | D:1      | 0 ||| qw: God list: Okawaru
     0 | D:1      | 0 ||| qw: Allow faded altars: false
     0 | D:1      | 0 ||| qw: Do Orc after D:15 true
     0 | D:1      | 0 ||| qw: Do second Lair branch before Depths: true
     0 | D:1      | 0 ||| qw: Lair rune preference: random
     0 | D:1      | 0 ||| qw: Plans: Normal, Zot:1-4, God:TSO, Crypt, Tomb,
                  | Pan, Slime:5, Hells, Abyss, Win
     0 | D:1      | 0 ||| PLANNING D:1-11
    37 | D:1      | Reached skill level 2 in Axes
   126 | D:1      | 126 ||| Stepping ~*~*~tactically~*~*~ (stealth).
   138 | D:1      | Reached XP level 2. HP: 15/19 MP: 2/2
   251 | D:1      | 251 ||| DROPPING +0 club.
   359 | D:1      | Reached skill level 3 in Axes
   382 | D:1      | Reached XP level 3. HP: 18/23 MP: 3/3
   879 | D:1      | 879 ||| UPGRADING to scarf of repulsion.
   884 | D:1      | 884 ||| UPGRADING to amulet of reflection.
   889 | D:1      | 889 ||| READING scroll labelled PIAHORPH HEDGH.
   893 | D:1      | 893 ||| READING scroll labelled DINATI TELOMMOTASK.
   894 | D:1      | 894 ||| READING scroll labelled TIDGHA UJOGGO.
   895 | D:1      | 895 ||| READING scroll labelled RETSAM OFUETHRE.
   896 | D:1      | 896 ||| READING scroll labelled YCWETAPRISO.
   897 | D:1      | 897 ||| READING scroll labelled APOZ CILI REFA.
   898 | D:1      | 898 ||| DRINKING 2 yellow potions.
   903 | D:2      | Noticed Sigmund
   926 | D:2      | Killed Sigmund
   927 | D:2      | Reached skill level 5 in Axes
   927 | D:2      | Reached XP level 4. HP: 13/28 MP: 4/4
   927 | D:2      | Reached XP level 5. HP: 15/32 MP: 5/5
  1082 | D:2      | 1082 ||| Stepping ~*~*~tactically~*~*~ (stealth).
  1085 | D:2      | 1085 ||| Stepping ~*~*~tactically~*~*~ (stealth).
  1094 | D:2      | Reached XP level 6. HP: 38/38 MP: 6/6
  1419 | D:2      | 1419 ||| READING scroll of brand weapon.
  1419 | D:2      | 1419 ||| BRANDING +0 war axe of venom.
  1468 | D:2      | Found a runed translucent door.
  1470 | D:2      | 1470 ||| DROPPING +0 mace.
  1471 | D:2      | Noticed Crazy Yiuf
  1475 | D:2      | 1475 ||| DROPPING +1 hammer of holy wrath.
  1794 | D:2      | 1794 ||| UPGRADING to ring of see invisible.
  1795 | D:2      | 1795 ||| READING scroll labelled IWOLES YGGIN.
  1796 | D:2      | 1796 ||| DRINKING 4 fuming purple potions.
  1800 | D:2      | 1800 ||| DROPPING 3 potions of ambrosia.
  1899 | D:3      | 1899 ||| Stepping ~*~*~tactically~*~*~ (hiding).
  2023 | D:3      | Noticed Jessica
  2026 | D:3      | Killed Jessica
  2027 | D:3      | Reached skill level 1 in Dodging
  2214 | D:3      | Identified the +11 whip "Qell" {pain, Fly rN++ rCorr Int-4}
  2216 | D:3      | 2216 ||| DROPPING +1 hammer of protection.
  2315 | D:3      | Noticed Natasha
  2318 | D:3      | Killed Natasha
  2575 | D:3      | 2575 ||| UPGRADING to +0 pair of gloves.
  2580 | D:3      | 2580 ||| READING scroll labelled FORU FUBUXO.
  2581 | D:3      | 2581 ||| READING scroll labelled ROT APSIMOOD.
  2582 | D:3      | 2582 ||| READING 4 scrolls of identify.
  2582 | D:3      | 2582 ||| IDENTIFYING inky potion
  2583 | D:3      | 2583 ||| READING 3 scrolls of identify.
  2583 | D:3      | 2583 ||| IDENTIFYING lumpy yellow potion
  2584 | D:3      | 2584 ||| READING 2 scrolls of identify.
  2584 | D:3      | 2584 ||| IDENTIFYING ruby potion
  2585 | D:3      | 2585 ||| DROPPING potion of degeneration.
  2586 | D:3      | 2586 ||| DROPPING potion of flight.
  2605 | D:4      | 2605 ||| PLANNING OSSUARY
  2622 | D:4      | Found a staircase to the Ecumenical Temple.
  2858 | D:4      | Found an iron altar of Okawaru.
  2864 | D:4      | 2864 ||| Stepping ~*~*~tactically~*~*~ (stealth).
  2888 | D:4      | Reached skill level 6 in Axes
  2888 | D:4      | Reached XP level 7. HP: 43/43 MP: 7/7
  2895 | D:4      | 2895 ||| Stepping ~*~*~tactically~*~*~ (stealth).
  2902 | D:4      | Identified the +2 ring mail of Agoraphobia {rElec rN+++
                  | Str-5 Int-5}
  2964 | D:4      | Found a sand-covered staircase.
  2965 | D:4      | 2965 ||| UPGRADING to +0 pair of boots.
  2970 | D:4      | 2970 ||| DRINKING 3 brown potions.
  2971 | D:4      | 2971 ||| READING 2 scrolls of identify.
  2971 | D:4      | 2971 ||| IDENTIFYING sedimented ruby potion
  2972 | D:4      | 2972 ||| DROPPING potion of brilliance.
  2981 | Ossuary  | Entered an ossuary
  3150 | Ossuary  | Reached skill level 7 in Axes
  3200 | Ossuary  | 3200 ||| READING scroll labelled MUOLAMUZOO.
  3201 | Ossuary  | 3201 ||| READING scroll labelled NUSHEEN WIOS.
  3202 | Ossuary  | 3202 ||| READING scroll labelled JIRIOC ZOSEO.
  3203 | Ossuary  | 3203 ||| DRINKING 2 dark potions.
  3212 | D:4      | 3212 ||| PLANNING OKAWARU WORSHIP
  3255 | D:4      | Became a worshipper of Warmaster Okawaru
  3255 | D:4      | 3255 ||| PLANNING D:1-11
  3330 | D:4      | 3330 ||| Stepping ~*~*~tactically~*~*~ (stealth).
  3331 | D:4      | 3331 ||| Stepping ~*~*~tactically~*~*~ (stealth).
  3332 | D:4      | 3332 ||| Stepping ~*~*~tactically~*~*~ (stealth).
  3333 | D:4      | 3333 ||| Stepping ~*~*~tactically~*~*~ (stealth).
  3334 | D:4      | 3334 ||| Stepping ~*~*~tactically~*~*~ (stealth).
  3335 | D:4      | You fall into a shaft and drop 3 floors!
  3438 | D:7      | 3438 ||| READING scroll labelled QECSAH JI OTO.
  3439 | D:7      | 3439 ||| READING 2 scrolls of identify.
  3439 | D:7      | 3439 ||| IDENTIFYING smoky amethyst potion
  3441 | D:7      | Noticed a steam dragon
  3442 | D:7      | 3442 ||| Stepping ~*~*~tactically~*~*~ (stealth).
  3447 | D:7      | 3447 ||| STAIRDANCE
  3454 | D:6      | Killed a steam dragon
  3454 | D:6      | Reached * piety under Okawaru
  3455 | D:6      | Reached XP level 8. HP: 46/49 MP: 8/8
  3463 | D:6      | Reached skill level 1 in Invocations
  3534 | D:6      | 3534 ||| INVOKING Heroism.
  3550 | D:5      | Entered Level 5 of the Dungeon
  3551 | D:5      | 3551 ||| PLANNING SEWER
  3558 | D:5      | 3558 ||| INVOKING Heroism.
  3560 | D:5      | Reached skill level 1 in Throwing
  3634 | D:5      | Reached skill level 8 in Axes
  3648 | D:5      | 3648 ||| Stepping ~*~*~tactically~*~*~ (stealth).
  3649 | D:5      | 3649 ||| Stepping ~*~*~tactically~*~*~ (stealth).
  3704 | D:5      | Reached skill level 3 in Invocations
  3704 | D:5      | 3704 ||| INVOKING Heroism.
  3772 | D:5      | 3772 ||| Stepping ~*~*~tactically~*~*~ (stealth).
  3781 | D:5      | 3781 ||| Stepping ~*~*~tactically~*~*~ (stealth).
  3806 | D:5      | Identified the +5 sling "Widowmaker" {freeze, rN++ Str+4
                  | Int-5}
  3895 | D:5      | Found a blossoming altar of Fedhas.
  3971 | D:5      | Reached skill level 6 in Fighting
  4073 | D:5      | Found a broken altar of Ashenzari.
  4073 | D:5      | Found a hide-covered altar of Uskayaw.
  4158 | D:5      | 4158 ||| RIP SEWER
  4188 | D:5      | 4188 ||| PLANNING D:1-11
  4188 | D:5      | 4188 ||| UPGRADING to +0 kite shield.
  4198 | D:5      | 4198 ||| DROPPING +0 buckler.
  4199 | D:5      | 4199 ||| UPGRADING to +0 chain mail.
  4209 | D:5      | 4209 ||| DROPPING +0 scale mail.
  4210 | D:5      | 4210 ||| UPGRADING to +5 ring of evasion.
  4303 | D:4      | 4303 ||| INVOKING Heroism.
  4402 | D:4      | Found a sparkling altar of Nemelex Xobeh.
  4476 | D:4      | Found an opulent altar of Gozag.
  4482 | D:4      | 4482 ||| INVOKING Heroism.
  4484 | D:4      | Reached XP level 9. HP: 55/55 MP: 9/12
  4641 | D:5      | 4641 ||| READING scroll of enchant weapon.
  4641 | D:5      | 4641 ||| ENCHANTING +1 war axe of draining.
  4667 | D:5      | 4667 ||| Stepping ~*~*~tactically~*~*~ (stealth).
  4862 | D:6      | Found a shimmering blue altar of Sif Muna.
  4907 | D:6      | 4907 ||| DRINKING 3 smoky cyan potions.
  4908 | D:6      | 4908 ||| DROPPING 2 potions of invisibility.
  5095 | D:6      | 5095 ||| Stepping ~*~*~tactically~*~*~ (stealth).
  5097 | D:6      | 5097 ||| Stepping ~*~*~tactically~*~*~ (hiding).
  5098 | D:6      | 5098 ||| Stepping ~*~*~tactically~*~*~ (hiding).
  5099 | D:6      | 5099 ||| Stepping ~*~*~tactically~*~*~ (hiding).
  5132 | D:6      | 5132 ||| Stepping ~*~*~tactically~*~*~ (stealth).
  5175 | D:6      | Found a stormy altar of Qazlal.
  5202 | D:6      | Reached skill level 6 in Shields
  5446 | D:6      | 5446 ||| DROPPING ring of flight.
  5447 | D:6      | 5447 ||| DRINKING 2 fuming pink potions.
  5552 | D:6      | 5552 ||| READING 2 scrolls of identify.
  5552 | D:6      | 5552 ||| IDENTIFYING bubbling brown potion
  5553 | D:6      | 5553 ||| DROPPING potion of berserk rage.
  5593 | D:7      | 5593 ||| Stepping ~*~*~tactically~*~*~ (stealth).
  5594 | D:7      | 5594 ||| Stepping ~*~*~tactically~*~*~ (stealth).
  5598 | D:7      | 5598 ||| Stepping ~*~*~tactically~*~*~ (stealth).
  5599 | D:7      | 5599 ||| Stepping ~*~*~tactically~*~*~ (stealth).
  5600 | D:7      | 5600 ||| Stepping ~*~*~tactically~*~*~ (stealth).
  5621 | D:7      | 5621 ||| INVOKING Heroism.
  5713 | D:7      | 5713 ||| DRINKING 2 potions of curing.
  5713 | D:7      | 5713 ||| (to cure confusion)
  5730 | D:7      | Noticed qw's ghost (novice GrCA)
  5736 | D:7      | Found a transporter.
  5740 | D:7      | Identified the ring of Wiegh {rElec rF+ rC++ Will+}
  5742 | D:7      | Found a transporter.
  5871 | D:7      | Found a faded altar of an unknown god.
  5871 | D:7      | Found a hazy altar of Hepliaklqana.
  5877 | D:7      | Found a shadowy altar of Dithmenos.
  5879 | D:7      | Found a faded altar of an unknown god.
  5881 | D:7      | Found a glowing golden altar of the Shining One.
  5911 | D:7      | Noticed Menkaure
  5918 | D:7      | Found a transporter.
  5962 | D:7      | Found a transporter.
  5980 | D:7      | Found an ancient bone altar of Kikubaaqudgha.
  6033 | D:7      | Found a basalt altar of Yredelemnul.
  6047 | D:7      | 6047 ||| READING scroll labelled IZAXOM YD CYLL.
  6047 | D:7      | Identified a scroll of acquirement
  6047 | D:7      | 6047 ||| ACQUIRING +0 broad axe of electrocution
  6047 | D:7      | Acquired a +0 broad axe of electrocution
  6049 | D:7      | 6049 ||| SWAPPING to +0 broad axe of electrocution.
  6050 | D:7      | 6050 ||| DROPPING +2 war axe of draining.
  6076 | D:8      | 6076 ||| INVOKING Heroism.
  6097 | D:8      | 6097 ||| Stepping ~*~*~tactically~*~*~ (stealth).
  6111 | D:8      | Reached skill level 9 in Axes
  6112 | D:8      | Reached ** piety under Okawaru
  6114 | D:8      | Reached XP level 10. HP: 48/60 MP: 13/13
  6276 | D:8      | 6276 ||| Stepping ~*~*~tactically~*~*~ (stealth).
  6498 | D:8      | 6498 ||| Stepping ~*~*~tactically~*~*~ (hiding).
  6596 | D:8      | Found Releute's Lightly-Used Armoury.
  6601 | D:8      | 6601 ||| BUYING -1 eveningstar (100 gold).
  6601 | D:8      | Bought a -1 eveningstar for 100 gold pieces
  6601 | D:8      | 6601 ||| SHOPLISTING -3 crystal plate armour (650 gold,
                  | have 350).
  6630 | D:8      | 6630 ||| INVOKING Heroism.
  6633 | D:8      | Found a flagged portal.
  6801 | D:8      | 6801 ||| INVOKING Heroism.
  6802 | D:8      | 6802 ||| Stepping ~*~*~tactically~*~*~ (cloud).
  6809 | D:8      | 6809 ||| Stepping ~*~*~tactically~*~*~ (cloud).
  6811 | D:8      | 6811 ||| Stepping ~*~*~tactically~*~*~ (cloud).
  6898 | D:9      | 6898 ||| INVOKING Heroism.
  6946 | D:9      | 6946 ||| UPGRADING to +0 plate armour.
  6956 | D:9      | 6956 ||| DROPPING +0 chain mail.
  7021 | D:9      | Found a radiant altar of Vehumet.
  7028 | D:9      | 7028 ||| Stepping ~*~*~tactically~*~*~ (hiding).
  7044 | D:9      | 7044 ||| Stepping ~*~*~tactically~*~*~ (hiding).
  7068 | D:9      | 7068 ||| STAIRDANCE
  7104 | D:8      | 7104 ||| READING 2 scrolls of identify.
  7104 | D:8      | 7104 ||| IDENTIFYING fuming cyan potion
  7179 | D:9      | 7179 ||| READING scroll of enchant weapon.
  7179 | D:9      | 7179 ||| ENCHANTING +0 broad axe of electrocution.
  7336 | D:9      | 7336 ||| Stepping ~*~*~tactically~*~*~ (stealth).
  7347 | D:9      | 7347 ||| Stepping ~*~*~tactically~*~*~ (stealth).
  7466 | D:9      | Found a sacrificial altar of Ru.
  7661 | D:10     | Entered Level 10 of the Dungeon
  7667 | D:10     | 7667 ||| DRINKING 2 potions of curing.
  7667 | D:10     | 7667 ||| (to cure confusion)
  7675 | D:10     | Reached skill level 6 in Armour
  7691 | D:10     | Found Ajurr's Firing Range.
  7770 | D:10     | Found a staircase to the Orcish Mines.
  7800 | D:10     | 7800 ||| Stepping ~*~*~tactically~*~*~ (stealth).
  7839 | D:10     | Noticed a two-headed ogre
  7840 | D:10     | 7840 ||| INVOKING Heroism.
  7846 | D:10     | Reached skill level 9 in Shields
  7850 | D:10     | Killed a two-headed ogre
  7884 | D:10     | Found a staircase to the Lair.
  7918 | D:10     | Noticed a five-headed hydra
  7919 | D:10     | 7919 ||| INVOKING Heroism.
  7923 | D:10     | 7923 ||| SWAPPING to -1 eveningstar.
  7928 | D:10     | Killed a five-headed hydra
  7928 | D:10     | Reached *** piety under Okawaru
  7929 | D:10     | Reached skill level 10 in Axes
  7929 | D:10     | 7929 ||| SWAPPING to +1 broad axe of electrocution.
  8084 | D:10     | Noticed a two-headed ogre
  8085 | D:10     | 8085 ||| INVOKING Heroism.
  8090 | D:10     | Killed a two-headed ogre
  8091 | D:10     | Reached XP level 11. HP: 60/69 MP: 11/14
  8280 | D:10     | 8280 ||| PLANNING LAIR
  8280 | D:10     | 8280 ||| READING 6 scrolls of identify.
  8280 | D:10     | 8280 ||| IDENTIFYING fizzy purple potion
  8285 | Lair:1   | Entered Level 1 of the Lair of Beasts
  8286 | Lair:1   | 8286 ||| INVOKING Heroism.
  8328 | Lair:1   | 8328 ||| Stepping ~*~*~tactically~*~*~ (stealth).
  8368 | Lair:1   | 8368 ||| INVOKING Heroism.
  8382 | Lair:1   | 8382 ||| INVOKING Heroism.
  8404 | Lair:1   | 8404 ||| Stepping ~*~*~tactically~*~*~ (stealth).
  8405 | Lair:1   | 8405 ||| Stepping ~*~*~tactically~*~*~ (stealth).
  8406 | Lair:1   | 8406 ||| Stepping ~*~*~tactically~*~*~ (stealth).
  8477 | Lair:1   | 8477 ||| Stepping ~*~*~tactically~*~*~ (stealth).
  8479 | Lair:1   | 8479 ||| Stepping ~*~*~tactically~*~*~ (stealth).
  8498 | Lair:1   | 8498 ||| Stepping ~*~*~tactically~*~*~ (stealth).
  8545 | Lair:1   | 8545 ||| Stepping ~*~*~tactically~*~*~ (hiding).
  8553 | Lair:1   | 8553 ||| INVOKING Heroism.
  8604 | Lair:1   | 8604 ||| INVOKING Heroism.
  8607 | Lair:1   | 8607 ||| Stepping ~*~*~tactically~*~*~ (stealth).
  8617 | Lair:1   | Reached skill level 11 in Axes
  8638 | Lair:1   | 8638 ||| Stepping ~*~*~tactically~*~*~ (stealth).
  8724 | Lair:1   | 8724 ||| Stepping ~*~*~tactically~*~*~ (stealth).
  8726 | Lair:1   | 8726 ||| Stepping ~*~*~tactically~*~*~ (stealth).
  8742 | Lair:1   | Reached **** piety under Okawaru
  8855 | Lair:1   | 8855 ||| Stepping ~*~*~tactically~*~*~ (stealth).
  8856 | Lair:1   | 8856 ||| Stepping ~*~*~tactically~*~*~ (stealth).
  8884 | Lair:1   | 8884 ||| INVOKING Heroism.
  8970 | Lair:1   | 8970 ||| INVOKING Heroism.
  8975 | Lair:1   | Reached skill level 9 in Fighting
  9025 | Lair:1   | 9025 ||| INVOKING Heroism.
  9460 | Lair:1   | 9460 ||| UPGRADING to +2 helmet.
  9514 | Lair:2   | 9514 ||| INVOKING Heroism.
  9596 | Lair:2   | Received a gift from Okawaru
  9670 | Lair:2   | 9670 ||| READING scroll of brand weapon.
  9670 | Lair:2   | 9670 ||| BRANDING +1 broad axe of electrocution.
  9688 | Lair:2   | 9688 ||| Stepping ~*~*~tactically~*~*~ (stealth).
  9689 | Lair:2   | 9689 ||| Stepping ~*~*~tactically~*~*~ (stealth).
  9760 | Lair:2   | Noticed Sonja
  9761 | Lair:2   | 9761 ||| Stepping ~*~*~tactically~*~*~ (hiding).
  9776 | Lair:2   | 9776 ||| Stepping ~*~*~tactically~*~*~ (hiding).
  9780 | Lair:2   | Killed Sonja
 10157 | Lair:2   | 10157 ||| READING 2 scrolls labelled NEAN NIAWNOLO.
 10158 | Lair:2   | 10158 ||| DROPPING scroll of immolation.
 10163 | Lair:3   | Noticed a five-headed hydra
 10164 | Lair:3   | 10164 ||| INVOKING Heroism.
 10165 | Lair:3   | 10165 ||| SWAPPING to -1 eveningstar.
 10173 | Lair:3   | 10173 ||| STAIRDANCE
 10176 | Lair:2   | Killed a five-headed hydra
 10177 | Lair:2   | Reached skill level 3 in Throwing
 10177 | Lair:2   | 10177 ||| SWAPPING to +1 broad axe of freezing.
 10183 | Lair:2   | Reached XP level 12. HP: 38/76 MP: 15/15
 10184 | Lair:2   | 10184 ||| INVOKING Heroism.
 10325 | Lair:3   | Identified the +8 rapier of the Silent Majority {drain,
                  | *Rage +Blink rF++ rN+}
 10327 | Lair:3   | 10327 ||| READING scroll of enchant armour.
 10327 | Lair:3   | 10327 ||| ENCHANTING +0 pair of gloves.
 10334 | Lair:3   | 10334 ||| INVOKING Heroism.
 10358 | Lair:3   | 10358 ||| Stepping ~*~*~tactically~*~*~ (stealth).
 10431 | Lair:3   | Received a gift from Okawaru
 10432 | Lair:3   | 10432 ||| Stepping ~*~*~tactically~*~*~ (stealth).
 10447 | Lair:3   | Reached skill level 6 in Invocations
 10746 | Lair:3   | Received a gift from Okawaru
 10747 | Lair:3   | Reached skill level 12 in Axes
 10790 | Lair:3   | Noticed a seven-headed hydra
 10791 | Lair:3   | 10791 ||| INVOKING Heroism.
 10795 | Lair:3   | 10795 ||| SWAPPING to -1 eveningstar.
 10800 | Lair:3   | Killed a seven-headed hydra
 10801 | Lair:3   | 10801 ||| SWAPPING to +1 broad axe of freezing.
 10889 | Lair:3   | 10889 ||| INVOKING Heroism.
 10904 | Lair:3   | Noticed a seven-headed hydra
 10912 | Lair:3   | 10912 ||| SWAPPING to -1 eveningstar.
 10916 | Lair:3   | HP: 19/76 [seven-headed hydra (9)]
 10917 | Lair:3   | 10917 ||| READING 4 scrolls of teleportation.
 10918 | Lair:3   | 10918 ||| DRINKING 3 potions of heal wounds.
 10921 | Lair:3   | 10921 ||| SWAPPING to +1 broad axe of freezing.
 10923 | Lair:3   | 10923 ||| INVOKING Heroism.
 10951 | Lair:3   | 10951 ||| SWAPPING to -1 eveningstar.
 10955 | Lair:3   | HP: 19/76 [seven-headed hydra (1)]
 10956 | Lair:3   | 10956 ||| READING 3 scrolls of teleportation.
 10957 | Lair:3   | 10957 ||| DRINKING 2 potions of heal wounds.
 10961 | Lair:3   | 10961 ||| SWAPPING to +1 broad axe of freezing.
 11141 | Lair:3   | Reached skill level 9 in Armour
 11155 | Lair:3   | 11155 ||| INVOKING Heroism.
 11168 | Lair:3   | 11168 ||| INVOKING Heroism.
 11238 | Lair:3   | 11238 ||| INVOKING Heroism.
 11272 | Lair:3   | 11272 ||| SWAPPING to -1 eveningstar.
 11281 | Lair:3   | 11281 ||| INVOKING Heroism.
 11283 | Lair:3   | Killed a seven-headed hydra
 11284 | Lair:3   | 11284 ||| SWAPPING to +1 broad axe of freezing.
 11353 | Lair:3   | 11353 ||| INVOKING Heroism.
 11356 | Lair:3   | 11356 ||| Stepping ~*~*~tactically~*~*~ (stealth).
 11445 | Lair:3   | Found a hole to the Spider Nest.
 11499 | Lair:3   | Found a staircase to the Shoals.
 11717 | Lair:3   | 11717 ||| READING scroll labelled UROHER DEHAYRA.
 11718 | Lair:3   | 11718 ||| READING 7 scrolls of identify.
 11718 | Lair:3   | 11718 ||| IDENTIFYING emerald potion
 11750 | Lair:4   | Reached skill level 9 in Invocations
 11752 | Lair:4   | 11752 ||| INVOKING Heroism.
 11917 | Lair:4   | Noticed a five-headed hydra
 11918 | Lair:4   | 11918 ||| INVOKING Heroism.
 11922 | Lair:4   | 11922 ||| SWAPPING to -1 eveningstar.
 11928 | Lair:4   | Killed a five-headed hydra
 11929 | Lair:4   | Reached XP level 13. HP: 61/81 MP: 17/20
 11929 | Lair:4   | 11929 ||| SWAPPING to +1 broad axe of freezing.
 12005 | Lair:4   | 12005 ||| INVOKING Heroism.
 12092 | Lair:4   | 12092 ||| Stepping ~*~*~tactically~*~*~ (stealth).
 12093 | Lair:4   | 12093 ||| Stepping ~*~*~tactically~*~*~ (stealth).
 12094 | Lair:4   | 12094 ||| Stepping ~*~*~tactically~*~*~ (stealth).
 12109 | Lair:4   | 12109 ||| INVOKING Heroism.
 12266 | Lair:4   | 12266 ||| INVOKING Heroism.
 12271 | Lair:4   | 12271 ||| SWAPPING to -1 eveningstar.
 12279 | Lair:4   | 12279 ||| SWAPPING to +1 broad axe of freezing.
 12530 | Lair:4   | Found a viscous altar of Jiyva.
 12530 | Lair:4   | Found a staircase to the Slime Pits.
 12543 | Lair:4   | 12543 ||| READING scroll of enchant armour.
 12543 | Lair:4   | 12543 ||| ENCHANTING +1 pair of gloves.
 12647 | Lair:4   | 12647 ||| Stepping ~*~*~tactically~*~*~ (hiding).
 12651 | Lair:4   | 12651 ||| INVOKING Heroism.
 12797 | Lair:4   | Identified the +0 leather armour of Unreason {rPois rN+}
 12931 | Lair:4   | You fall into a shaft and drop 1 floor!
 12931 | Lair:5   | Entered Level 5 of the Lair of Beasts
 13061 | Lair:5   | 13061 ||| INVOKING Heroism.
 13067 | Lair:5   | 13067 ||| SWAPPING to -1 eveningstar.
 13073 | Lair:5   | 13073 ||| SWAPPING to +1 broad axe of freezing.
 13113 | Lair:5   | 13113 ||| Stepping ~*~*~tactically~*~*~ (stealth).
 13116 | Lair:5   | 13116 ||| Stepping ~*~*~tactically~*~*~ (stealth).
 13117 | Lair:5   | 13117 ||| Stepping ~*~*~tactically~*~*~ (stealth).
 13125 | Lair:5   | 13125 ||| Stepping ~*~*~tactically~*~*~ (stealth).
 13126 | Lair:5   | 13126 ||| INVOKING Heroism.
 13128 | Lair:5   | 13128 ||| Stepping ~*~*~tactically~*~*~ (stealth).
 13159 | Lair:5   | Reached ***** piety under Okawaru
 13160 | Lair:5   | Reached skill level 13 in Axes
 13170 | Lair:5   | 13170 ||| Stepping ~*~*~tactically~*~*~ (stealth).
 13180 | Lair:5   | 13180 ||| INVOKING Heroism.
 13256 | Lair:5   | Identified the staff of air "Qoschies" {rElec rC+ Str+5
                  | Int+3}
 13268 | Lair:5   | 13268 ||| Stepping ~*~*~tactically~*~*~ (stealth).
 13276 | Lair:5   | Received a gift from Okawaru
 13294 | Lair:5   | 13294 ||| INVOKING Heroism.
 13295 | Lair:5   | 13295 ||| INVOKING Finesse.
 13335 | Lair:5   | 13335 ||| INVOKING Heroism.
 13375 | Lair:5   | 13375 ||| INVOKING Heroism.
 13409 | Lair:5   | 13409 ||| Stepping ~*~*~tactically~*~*~ (stealth).
 13431 | Lair:5   | 13431 ||| INVOKING Heroism.
 13541 | Lair:5   | Received a gift from Okawaru
 13626 | Lair:5   | 13626 ||| Stepping ~*~*~tactically~*~*~ (stealth).
 13627 | Lair:5   | 13627 ||| Stepping ~*~*~tactically~*~*~ (stealth).
 13635 | Lair:5   | 13635 ||| Stepping ~*~*~tactically~*~*~ (stealth).
 13637 | Lair:5   | 13637 ||| INVOKING Heroism.
 13797 | Lair:5   | Noticed Nessos
 13798 | Lair:5   | 13798 ||| INVOKING Finesse.
 13798 | Lair:5   | Killed Nessos
 13799 | Lair:5   | Gained mutation: Your large and strong wings let you fly.
                  | [Gargoyle growth]
 13799 | Lair:5   | Reached XP level 14. HP: 88/88 MP: 15/21
 13917 | Lair:5   | Identified the +2 ring mail "Lul Faj" {rF++ Regen+ Stlth+}
 13937 | Lair:5   | Identified the +0 rapier of Lust {vamp, Dex+3}
 13983 | Lair:5   | Reached skill level 14 in Axes
 14003 | Lair:5   | 14003 ||| INVOKING Heroism.
 14004 | Lair:5   | 14004 ||| INVOKING Finesse.
 14007 | Lair:5   | 14007 ||| SWAPPING to -1 eveningstar.
 14012 | Lair:5   | 14012 ||| SWAPPING to +1 broad axe of freezing.
 14015 | Lair:5   | 14015 ||| SWAPPING to -1 eveningstar.
 14022 | Lair:5   | 14022 ||| SWAPPING to +1 broad axe of freezing.
 14083 | Lair:5   | 14083 ||| INVOKING Heroism.
 14088 | Lair:5   | 14088 ||| SWAPPING to -1 eveningstar.
 14100 | Lair:5   | 14100 ||| SWAPPING to +1 broad axe of freezing.
 14194 | Lair:5   | 14194 ||| Stepping ~*~*~tactically~*~*~ (stealth).
 14195 | Lair:5   | 14195 ||| Stepping ~*~*~tactically~*~*~ (stealth).
 14232 | Lair:5   | 14232 ||| DROPPING +5 morningstar.
 14398 | Lair:5   | 14398 ||| PLANNING D:1-11
 14676 | D:11     | 14676 ||| Stepping ~*~*~tactically~*~*~ (stealth).
 14677 | D:11     | 14677 ||| Stepping ~*~*~tactically~*~*~ (stealth).
 14687 | D:11     | 14687 ||| READING scroll of enchant weapon.
 14687 | D:11     | 14687 ||| ENCHANTING +1 broad axe of freezing.
 14709 | D:11     | Found a white marble altar of Elyvilon.
 14838 | D:11     | 14838 ||| Stepping ~*~*~tactically~*~*~ (hiding).
 14941 | D:11     | 14941 ||| Stepping ~*~*~tactically~*~*~ (hiding).
 14944 | Abyss:2  | Cast into level 2 of the Abyss (a wizard)
 14979 | Abyss:2  | 14979 ||| Stepping ~*~*~tactically~*~*~ (stealth).
 14989 | Abyss:2  | 14989 ||| Stepping ~*~*~tactically~*~*~ (hiding).
 14991 | Abyss:2  | 14991 ||| Stepping ~*~*~tactically~*~*~ (hiding).
 14992 | Abyss:2  | 14992 ||| Stepping ~*~*~tactically~*~*~ (hiding).
 14993 | Abyss:2  | 14993 ||| Stepping ~*~*~tactically~*~*~ (hiding).
 14994 | Abyss:2  | 14994 ||| Stepping ~*~*~tactically~*~*~ (hiding).
 14996 | Abyss:2  | 14996 ||| Stepping ~*~*~tactically~*~*~ (hiding).
 15028 | Abyss:2  | Reached skill level 12 in Shields
 15034 | Abyss:2  | 15034 ||| Stepping ~*~*~tactically~*~*~ (stealth).
 15035 | Abyss:2  | 15035 ||| Stepping ~*~*~tactically~*~*~ (stealth).
 15038 | Abyss:2  | 15038 ||| Stepping ~*~*~tactically~*~*~ (stealth).
 15040 | Abyss:2  | 15040 ||| Stepping ~*~*~tactically~*~*~ (stealth).
 15042 | Abyss:2  | 15042 ||| Stepping ~*~*~tactically~*~*~ (stealth).
 15043 | Abyss:2  | 15043 ||| INVOKING Heroism.
 15064 | Abyss:2  | Noticed a starcursed mass
 15075 | Abyss:2  | Paralysed by accursed screaming for 2 turns
 15082 | Abyss:2  | Paralysed by accursed screaming for 1 turns
 15083 | Abyss:2  | HP: 19/90 [starcursed mass/accursed screaming (14)]
 15086 | Abyss:2  | HP: 8/90 [starcursed mass/accursed screaming (12)]
 15089 | Abyss:2  | 15089 ||| DRINKING 2 potions of heal wounds.
 15090 | Abyss:2  | 15090 ||| DRINKING potion of heal wounds.
 15091 | Abyss:2  | 15091 ||| INVOKING Heroism.
 15091 | Abyss:2  | HP: 20/90 [naga mage/+0 spear (6)]
 15102 | Abyss:2  | 15102 ||| Stepping ~*~*~tactically~*~*~ (stealth).
 15107 | Abyss:2  | HP: 20/90 [flying skull (4)]
 15116 | Abyss:2  | 15116 ||| INVOKING Heroism.
 15132 | Abyss:2  | 15132 ||| Stepping ~*~*~tactically~*~*~ (stealth).
 15136 | Abyss:2  | 15136 ||| Stepping ~*~*~tactically~*~*~ (stealth).
 15143 | Abyss:2  | 15143 ||| Stepping ~*~*~tactically~*~*~ (stealth).
 15179 | Abyss:2  | 15179 ||| Stepping ~*~*~tactically~*~*~ (stealth).
 15180 | Abyss:2  | 15180 ||| INVOKING Heroism.
 15229 | Abyss:2  | 15229 ||| Stepping ~*~*~tactically~*~*~ (stealth).
 15230 | Abyss:2  | 15230 ||| Stepping ~*~*~tactically~*~*~ (stealth).
 15231 | Abyss:2  | 15231 ||| INVOKING Heroism.
 15259 | Abyss:2  | 15259 ||| Stepping ~*~*~tactically~*~*~ (stealth).
 15260 | Abyss:2  | 15260 ||| Stepping ~*~*~tactically~*~*~ (stealth).
 15262 | Abyss:2  | 15262 ||| Stepping ~*~*~tactically~*~*~ (stealth).
 15283 | Abyss:2  | 15283 ||| Stepping ~*~*~tactically~*~*~ (stealth).
 15289 | Abyss:2  | 15289 ||| Stepping ~*~*~tactically~*~*~ (stealth).
 15292 | Abyss:2  | 15292 ||| Stepping ~*~*~tactically~*~*~ (stealth).
 15305 | Abyss:2  | 15305 ||| Stepping ~*~*~tactically~*~*~ (stealth).
 15317 | Abyss:2  | 15317 ||| INVOKING Heroism.
 15323 | Abyss:2  | Received a gift from Okawaru
 15365 | Abyss:2  | 15365 ||| Stepping ~*~*~tactically~*~*~ (stealth).
 15380 | Abyss:2  | 15380 ||| Stepping ~*~*~tactically~*~*~ (stealth).
 15384 | Abyss:2  | 15384 ||| Stepping ~*~*~tactically~*~*~ (stealth).
 15385 | Abyss:2  | 15385 ||| INVOKING Heroism.
 15386 | Abyss:2  | 15386 ||| Stepping ~*~*~tactically~*~*~ (stealth).
 15388 | Abyss:2  | 15388 ||| Stepping ~*~*~tactically~*~*~ (hiding).
 15392 | Abyss:2  | 15392 ||| DRINKING 10 potions of curing.
 15392 | Abyss:2  | 15392 ||| (to cure confusion)
 15399 | D:11     | Escaped the Abyss
 15481 | D:11     | 15481 ||| Stepping ~*~*~tactically~*~*~ (hiding).
 15748 | D:11     | 15748 ||| Stepping ~*~*~tactically~*~*~ (hiding).
 15771 | D:11     | Reached skill level 15 in Axes
 15891 | D:11     | Found the +3 warlock's mirror {omnireflect}
 15893 | D:11     | 15893 ||| Stepping ~*~*~tactically~*~*~ (hiding).
 15899 | D:11     | 15899 ||| Stepping ~*~*~tactically~*~*~ (hiding).
 15905 | Abyss:2  | Cast into level 2 of the Abyss (a wizard)
 15928 | Abyss:2  | Noticed a purple draconian shifter
 15929 | Abyss:2  | 15929 ||| Stepping ~*~*~tactically~*~*~ (stealth).
 15930 | Abyss:2  | 15930 ||| Stepping ~*~*~tactically~*~*~ (stealth).
 15939 | Abyss:2  | 15939 ||| Stepping ~*~*~tactically~*~*~ (hiding).
 15940 | Abyss:2  | 15940 ||| Stepping ~*~*~tactically~*~*~ (hiding).
 15941 | Abyss:2  | 15941 ||| Stepping ~*~*~tactically~*~*~ (hiding).
 15969 | Abyss:2  | 15969 ||| Stepping ~*~*~tactically~*~*~ (hiding).
 15973 | Abyss:2  | 15973 ||| Stepping ~*~*~tactically~*~*~ (hiding).
 15979 | Abyss:2  | 15979 ||| Stepping ~*~*~tactically~*~*~ (hiding).
 15981 | Abyss:2  | 15981 ||| Stepping ~*~*~tactically~*~*~ (hiding).
 15982 | Abyss:2  | 15982 ||| Stepping ~*~*~tactically~*~*~ (hiding).
 15983 | Abyss:2  | 15983 ||| Stepping ~*~*~tactically~*~*~ (hiding).
 15985 | Abyss:2  | 15985 ||| Stepping ~*~*~tactically~*~*~ (hiding).
 15986 | Abyss:2  | Noticed a cacodemon
 15989 | Abyss:2  | 15989 ||| Stepping ~*~*~tactically~*~*~ (hiding).
 15990 | Abyss:2  | 15990 ||| DRINKING 10 potions of curing.
 15990 | Abyss:2  | 15990 ||| (to cure confusion)
 15991 | Abyss:2  | 15991 ||| Stepping ~*~*~tactically~*~*~ (hiding).
 15997 | Abyss:2  | Gained mutation: Potions are less effective at restoring
                  | your health. [a cacodemon]
 16002 | Abyss:2  | Gained mutation: You are vulnerable to cold. (rC-) [a
                  | cacodemon]
 16003 | Abyss:2  | 16003 ||| INVOKING Heroism.
 16005 | Abyss:2  | Noticed a revenant
 16009 | Abyss:2  | Killed a cacodemon
 16022 | Abyss:2  | HP: 8/90 [purple draconian shifter/bolt of dispelling
                  | energy (17)]
 16023 | Abyss:2  | 16023 ||| READING 2 scrolls of teleportation.
 16023 | Abyss:2  | Engulfed by a revenant's spectral mist

Levels and vault maps discovered:
D:1:      scummos_arrival_simple_fountains, layout_basic,
          nicolae_figureground_pulse
D:2:      layout_loops_ring, uniq_sigmund, uniq_crazy_yiuf_cottage
D:3:      layout_loops_ring, uniq_natasha, uniq_jessica
D:4:      layout_gridville, mainiacjoe_overflow_surrounded_room,
          okawaru_trees_2, mainiacjoe_overflow_alcove_4,
          minmay_temple_entry_ruins, enter_ossuary_1,
          chequers_serial_rivers_room_b, minmay_fire_ice_demons
D:5:      corexii_shack_village, layout_basic, gammafunk_temple_overflow_pools,
          nicolae_overflow_hidden_temple, gup_sewer_entry_bubbles
D:6:      layout_gridville, nicolae_qazlal_general_emergency,
          mainiacjoe_overflow_tiny_flanked
D:7:      layout_cave_pools, gammafunk_temple_of_torment,
          chequers_temple_overflow_minitemple, gammafunk_ghost_gnarly_gnolls
D:8:      layout_loops_ring, enter_bailey_4, minmay_shop_damaged,
          grunt_ministairs_15
D:9:      layout_loops_ring, kennysheep_little_box,
          nicolae_ru_the_path_less_chosen
D:10:     layout_roguey, david_lair_shrubbed, david_orc_2,
          nicolae_shop_firing_range
D:11:     minmay_smoke_and_mirrors, layout_cave_pools,
          amcnicky_mini_corridor_feature, elyvilon_altar_1
Lair:1:   layout_regular_city, serial_bayou, serial_bayou_pond_a,
          serial_bayou_ford_a, serial_bayou_pond_b, serial_bayou_pond_b,
          serial_bayou_crossing, beast_lair_carwin_7, grunt_megastairs_5
Lair:2:   layout_misc_corridors, chequers_serial_rivers_micro_b,
          serial_bayou_pond_e, uniq_sonja
Lair:3:   layout_chaotic_city, elwin_shoals_entry_rocks,
          spider_nest_entry_rubble, st_stairs_6
Lair:4:   layout_gridlike, nicolae_slime_entry_slimehenge, lemuel_fruit_fields,
          serial_bayou_shore_b, lemuel_fruit_tree
Lair:5:   minmay_lair_end_frog_pond, layout_gridlike, uniq_nessos
Abyss:2:  base: D:8, base:
D:15

Skill      XL: |  1  2  3  4  5  6  7  8  9 10 11 12 13 14 |
---------------+-------------------------------------------+-----
Axes           | 2 3 5 6 7 8 9 10 11 12 13 15 | 15.0
Fighting       | 4 5 6 8 9 10 11 | 11.0
Dodging        | 1 2 |  2.1
Invocations    | 4 9 10 | 10.0
Throwing       | 1 3 |  3.7
Shields        | 4 8 9 10 11 12 | 12.0
Armour         | 4 6 8 9 10 | 10.7

Action                     |  1- 3 |  4- 6 |  7- 9 | 10-12 | 13-15 || total
---------------------------+-------+-------+-------+-------+-------++-------
  Melee: War axe           |   105 |    80 |   277 |       |       ||   462
         Broad axe         |       |       |    31 |   483 |   607 ||  1121
         Eveningstar       |       |       |       |    48 |    33 ||    81
  Throw: Boomerang         |       |    23 |    76 |    87 |       ||   186
         Javelin           |       |       |       |    22 |    23 ||    45
 Invoke: Heroism           |       |       |     7 |    28 |    22 ||    57
         Finesse           |       |       |       |       |     3 ||     3
    Use: Scroll            |     6 |     7 |     9 |    10 |     3 ||    35
         Potion            |     1 |     1 |     5 |     3 |     4 ||    14
 Armour: Scale mail        |    56 |    26 |    82 |       |       ||   164
         Chain mail        |       |       |    62 |    15 |       ||    77
         Plate armour      |       |       |       |   248 |   231 ||   479
  Dodge: Dodged            |    34 |    17 |   144 |   263 |   209 ||   667
         Repelled          |       |     3 |     1 |       |    10 ||    14
  Block: Buckler           |    20 |    31 |    83 |       |       ||   134
         Reflection        |     1 |       |     4 |     6 |     8 ||    19
         Kite shield       |       |       |   119 |   530 |   455 ||  1104

Table legend:
 A = Non-vault XP
 B = Vault XP
 C = Vault XP percentage of total XP
 D = Non-vault monster count
 E = Vault monster count
 F = Vault count percentage of total count
                 A         B        C        D         E       F
            +---------+---------+-------+---------+---------+-------
      Total |   59559 |   17568 |  22.8 |     362 |     122 |  25.2
            +---------+---------+-------+---------+---------+-------
        D:1 |      56 |       0 |   0.0 |      29 |       0 |   0.0
        D:2 |     108 |     231 |  68.1 |      19 |       1 |   5.0
        D:3 |      29 |      74 |  71.8 |       7 |       2 |  22.2
        D:4 |     454 |      59 |  11.5 |      28 |       2 |   6.7
        D:5 |     629 |      48 |   7.1 |      26 |      18 |  40.9
        D:6 |     995 |       0 |   0.0 |      16 |       0 |   0.0
        D:7 |     798 |       0 |   0.0 |      18 |       0 |   0.0
        D:8 |    1379 |     245 |  15.1 |      19 |      12 |  38.7
        D:9 |     579 |       0 |   0.0 |      14 |       0 |   0.0
       D:10 |    3257 |     388 |  10.6 |      10 |       8 |  44.4
       D:11 |    3350 |    2494 |  42.7 |      17 |       4 |  19.0
     Lair:1 |    3855 |    2585 |  40.1 |      18 |      17 |  48.6
     Lair:2 |    2821 |      97 |   3.3 |      13 |       1 |   7.1
     Lair:3 |   10829 |    1100 |   9.2 |      41 |       2 |   4.7
     Lair:4 |    6507 |     178 |   2.7 |      18 |       8 |  30.8
     Lair:5 |   11164 |    9808 |  46.8 |      19 |      35 |  64.8
    Abyss:2 |   12749 |       0 |   0.0 |      50 |       0 |   0.0
    Ossuary |       0 |     261 | 100.0 |       0 |      12 | 100.0
            +---------+---------+-------+---------+---------+-------
